 Dungeon Crawl Stone Soup version 0.31-a0-986-g5e6e4ef867 (webtiles) character file.

Game seed: 12224298585202976159

380 Zonian the Conjurer (level 6, 0/32 HPs)
             Began as a Deep Elf Conjurer on Nov 13, 2023.
             Slain by a sleepcap (5 damage)
             ... on level 4 of the Dungeon.
             The game lasted 00:05:48 (2673 turns).

Zonian the Conjurer (Deep Elf Conjurer)             Turns: 2673, Time: 00:05:48

Health: 0/32       AC:  3    Str:  4    XL:     6   Next: 46%
Magic:  12/15      EV: 13    Int: 25    God:
Gold:   141        SH:  0    Dex: 13    Spells: 10/15 levels left

rFire   . . .        l - +0 spear (venom) {polearm}
rCold   + . .        (no shield)
rNeg    . . .        a - +0 robe
rPois   .            (no helmet)
rElec   .            (no cloak)
rCorr   .            (no gloves)
SInv    .            n - +0 pair of boots
Will    .....        m - amulet of magic regeneration {@e2}
Stlth   +++          q - ring of protection from cold
HPRegen 0.25/turn    (no ring)
MPRegen 0.54/turn

%: no passive effects
@: no status effects
A: no striking features
a: no special abilities


You were on level 4 of the Dungeon.
You visited 1 branch of the dungeon, and saw 4 of its levels.

You collected 141 gold pieces.


   Skills:
 + Level 4.6 Dodging
 + Level 4.9 Stealth
 + Level 5.3 Spellcasting
 + Level 5.7 Conjurations


You had 10 spell levels left.
You knew the following spells:

 Your Spells              Type           Power      Damage    Failure   Level
a - Magic Dart            Conj           100%       1d8       1%          1
b - Searing Ray           Conj           70%        2d7       1%          2
c - Static Discharge      Conj/Air       40%        3-5/arc   3%          2

Your spell library contained the following spells:

 Spells                   Type           Power      Damage    Failure   Level
 Shock                    Conj/Air       80%        1d8       2%          1
 Dazzling Flash           Conj/Hex       40%        N/A       8%          3
 Swiftness                Air            6%         N/A       24%         3
 Fulminant Prism          Conj/Hex       10%        3d8       24%         4
 Iskenderun's Mystic Bla  Conj/Tloc      20%        2d6       24%         4
 Airstrike                Air            3%         2d(1-17)  63%         4
 Summon Lightning Spire   Summ/Air       6%         N/A       63%         4

Inventory:

Hand Weapons
 b - a +0 club {mace}
   (You took it off a goblin on level 2 of the Dungeon)
 c - a +0 dagger {short}
   (You took it off a kobold on level 1 of the Dungeon)
 f - a +0 flail {mace}
   (You took it off a gnoll on level 2 of the Dungeon)
 g - a +0 club {mace}
   (You took it off a gnoll on level 2 of the Dungeon)
 h - a +0 spear {polearm}
   (You took it off a gnoll on level 2 of the Dungeon)
 i - a +0 spear {polearm}
   (You found it on level 2 of the Dungeon)
 l - a +0 spear of venom (weapon) {polearm}
   (You found it on level 1 of the Dungeon)
Armour
 a - a +0 robe (worn)
 n - a +0 pair of boots (worn)
   (You found it on level 2 of the Dungeon)
Jewellery
 m - an amulet of magic regeneration (around neck) {@e2}
   (You found it on level 1 of the Dungeon)
 q - a ring of protection from cold (left hand)
   (You found it on level 2 of the Dungeon)
Scrolls
 e - a scroll of poison {!r}
 j - a scroll of blinking {!r}
 k - 2 scrolls of torment {!r}
Potions
 d - a potion of attraction {unknown}
 p - 2 potions of brilliance

Dungeon Overview and Level Annotations

Branches:
Dungeon (4/15) Zot: 21313
 Temple: D:4-7

Altars:
Makhleb
Xom

Shops:
D:3

(
.#.#.#.#.#.#.#.#.#.#.##
.#.#.#.#.#.#.#.#.#.#.#.#
#.#.#.#.#.#.#.#.#.#.#.##
#.#.#.#.#.#.#.#.#.#.#.#
#.#.#.#.#.#.#.#.#.#.##
#.#.#.#.#.#.#.#.#.#.#
#.#.#.#.#.#.#.#.#.##
#f#.#.#.#.#.#.#.#.#
#@#.#.#.#.#.#.#.##
#.#.#.#.#.#.#.#.#.. #.#
#.#.#.#.#.#.# ## #.#
#.#.#.#.#.# #.#
#.#.#.#.# #.# #.#.#.# +#
#+#.# ..


You could see a sleepcap.


Message History

😮 HP[+1] MP[+1]
Casting: Searing Ray (safe; 1% risk of failure)
Confirm with . or Enter, or press ? or * to list all spells.
Aiming: Searing Ray (safe; 1% risk of failure)
Press: ? - help, Shift-Dir - straight line, f - adder
Aim: an adder (68% to hit)
The searing ray misses the adder. (Press . to maintain the ray.) 😮 MP[-1]
You lost 1 mp, and now have 11/15 mp.
Unknown command.
The searing ray hits the adder!
The adder closely misses you.
Unknown command.
The searing ray hits the adder!
You kill the adder! 😕 HP[+1] MP[-1]
You lost 1 mp, and now have 10/15 mp.
Unknown command.
You see here an adder corpse. 😕 MP[+1]
d - a scroll labelled PODOUM TUW GOT You hear the slow hiss of a very distant avalanche of sand. 😕 HP[+1] MP[+1] 😕 MP[+1]
e - a scroll of poison {!r} 😕 HP[+1] MP[+1] Unknown command.
As you read the scroll labelled PODOUM TUW GOT, it crumbles to dust.
It is a scroll of amnesia.
Okay, then. 😕 MP[+1]
Your mp is fully restored (15).
Unknown command.
You open the door.
There is an open door here.
Found a stone staircase leading down. 😎 HP[+5]
Your hp is fully restored (32).
An orc comes into view. It is wielding a +0 mace.
The magic dart hits the orc!
You kill the orc! 😎 MP[-1]
You lost 1 mp, and now have 14/15 mp.
You can't see any susceptible monsters within range! (Use Z to cast anyway.)
You can't see any susceptible monsters within range! (Use Z to cast anyway.) Unknown command. 😎 MP[+1]
Your mp is fully restored (15).
You hear the slow hiss of a distant avalanche of sand.
You open the door.
There is an open door here.
d - a golden potion Unknown command.
Okay, then.
A kobold comes into view. It is wielding a +0 club.
The kobold moves out of view.
You now have 141 gold pieces (gained 18).
A quokka comes into view.
The magic dart hits the quokka.
The magic dart hits the quokka. 😎 MP[-1]
You lost 1 mp, and now have 14/15 mp.
The magic dart hits the quokka.
You kill the quokka!
Unknown command.
A sleepcap comes into view. 😎 MP[+1]
Your mp is fully restored (15).
The magic dart hits the sleepcap.
The sleepcap closely misses you. 😎 MP[-1]
You lost 1 mp, and now have 14/15 mp.
The magic dart hits the sleepcap but does no damage.
You hear the slow hiss of an avalanche of sand nearby.
The sleepcap releases spores at you.
You are engulfed in a cloud of soporific spores!
You fall asleep.
The sleepcap releases spores at you!!
You wake up.
Ouch! That really hurt!
* * * LOW HITPOINT WARNING * * *
You are engulfed in a cloud of soporific spores!
You are unaffected. 😨 HP[-21]
You take 21 damage, and now have 11/32 hp.
MASSIVE DAMAGE!! (PAUSE)
Casting: Magic Dart (safe; 1% risk of failure)
Confirm with . or Enter, or press ? or * to list all spells.
Aiming: Searing Ray (safe; 1% risk of failure)
Press: ? - help, Shift-Dir - straight line, f/p - sleepcap
Aim: a sleepcap (lightly damaged, 100% to hit)
The searing ray hits the sleepcap. (Press . to maintain the ray.)
The sleepcap releases spores at you!
* * * LOW HITPOINT WARNING * * *
😱 HP[-6] MP[-1]
You take 6 damage, and now have 5/32 hp.
You lost 1 mp, and now have 13/15 mp.
Unknown command.
Okay, then.
The searing ray hits the sleepcap!
The sleepcap releases spores at you.
You die...

Skill      XL: |  1  2  3  4 |
---------------+-------------+-----
Dodging        | 3 4 |  4.6
Stealth        | 3 4 |  4.9
Spellcasting   | 4 5 |  5.3
Conjurations   | 5 |  5.7

Action                     |  1- 3 |  4- 6 || total
---------------------------+-------+-------++-------
  Melee: Spear             |     2 |     3 ||     5
   Cast: Magic Dart        |    64 |    53 ||   117
         Searing Ray       |       |     8 ||     8
    Use: Potion            |     1 |       ||     1
         Scroll            |       |     7 ||     7
 Armour: Robe              |     3 |    10 ||    13
  Dodge: Dodged            |     2 |     8 ||    10

Levels and vault maps discovered:
D:1:      zaba_arrival_water, layout_rooms
D:2:      layout_rooms, basic_altar
D:3:      layout_rooms, lightli_temple_of_fire, serial_shops, shop,
          kennysheep_nondescript, serial_bayou_crossing, uniq_sigmund
D:4:      layout_basic, gup_ossuary_entry_pyramid, uniq_grinder

Notes
Turn   | Place    | Note
-------+----------+-------------------------------------------
     0 | D:1      | Zonian the Deep Elf Conjurer began the quest for the Orb.
     0 | D:1      | Reached XP level 1. HP: 10/10 MP: 6/6
     0 | D:1      | magus.rc [v1.9.6]
   154 | D:1      | You fall into a shaft and drop 1 floor!
   160 | D:2      | Reached XP level 2. HP: 15/15 MP: 6/8
   174 | D:2      | Reached skill level 3 in Dodging
   174 | D:2      | Reached skill level 3 in Stealth
   174 | D:2      | Reached XP level 3. HP: 10/19 MP: 7/10
   180 | D:2      | Learned a level 2 spell: Searing Ray
   302 | D:1      | You pick up a book of Storms and begin reading...
   302 | D:1      | You add the spells Static Discharge, Airstrike and Summon
                  | Lightning Spire to your library.
  1013 | D:2      | Reached skill level 4 in Spellcasting
  1013 | D:2      | Reached XP level 4. HP: 24/24 MP: 9/12
  1053 | D:2      | Found a shimmering altar of Xom.
  1192 | D:3      | Found Sotur's Antique Weapon Boutique.
  1222 | D:3      | Noticed Sigmund
  1236 | D:3      | Reached skill level 5 in Conjurations
  1280 | D:3      | HP: 3/24 [orc/+0 club (5)]
  1552 | D:3      | Found a burning altar of Makhleb.
  1851 | D:3      | You pick up a book of Air and begin reading...
  1851 | D:3      | You add the spells Shock and Swiftness to your library.
  1859 | D:3      | Learned a level 2 spell: Static Discharge
  1896 | D:3      | Killed Sigmund
  1897 | D:3      | Reached skill level 4 in Dodging
  1897 | D:3      | Reached skill level 4 in Stealth
  1897 | D:3      | Reached skill level 5 in Spellcasting
  1897 | D:3      | Reached XP level 5. HP: 8/28 MP: 7/14
  1897 | D:3      | Reached XP level 6. HP: 10/32 MP: 7/15
  2672 | D:4      | HP: 5/32 [sleepcap (7)]
  2673 | D:4      | Slain by a sleepcap

Vanquished Creatures
  Sigmund (D:3)
  An orc priest (D:3)
  2 iguanas (D:4)
  3 gnolls (D:2)
  4 adders
  3 worms (D:2)
  2 dart slugs (D:3)
  5 orcs
  3 ball pythons
  7 endoplasms
  A giant cockroach (D:3)
  4 goblins
  2 hobgoblins
  2 jackals (D:3)
  A quokka (D:4)
  3 bats
  4 frilled lizards
  4 kobolds
  4 rats
56 creatures vanquished.

Table legend:
 A = Non-vault XP
 B = Vault XP
 C = Vault XP percentage of total XP
 D = Non-vault monster count
 E = Vault monster count
 F = Vault count percentage of total count
                 A         B        C        D         E       F
            +---------+---------+-------+---------+---------+-------
      Total |     305 |     239 |  43.9 |      55 |       1 |   1.8
            +---------+---------+-------+---------+---------+-------
        D:1 |      20 |       0 |   0.0 |      13 |       0 |   0.0
        D:2 |     103 |       0 |   0.0 |      19 |       0 |   0.0
        D:3 |      92 |     239 |  72.2 |      18 |       1 |   5.3
        D:4 |      90 |       0 |   0.0 |       5 |       0 |   0.0
            +---------+---------+-------+---------+---------+-------

Skill      XL: |  1  2  3  4 |
---------------+-------------+-----
Dodging        | 3 4 |  4.6
Stealth        | 3 4 |  4.9
Spellcasting   | 4 5 |  5.3
Conjurations   | 5 |  5.7

Action                     |  1- 3 |  4- 6 || total
---------------------------+-------+-------++-------
  Melee: Spear             |     2 |     3 ||     5
   Cast: Magic Dart        |    64 |    53 ||   117
         Searing Ray       |       |     8 ||     8
    Use: Potion            |     1 |       ||     1
         Scroll            |       |     7 ||     7
 Armour: Robe              |     3 |    10 ||    13
  Dodge: Dodged            |     2 |     8 ||    10

Illustrated notes

Table legend:
 A = Kills in this place as a percentage of kills in the entire game.
 B = Kills by you in this place as a percentage of kills by you in the entire game.
 C = Kills by friends in this place as a percentage of kills by friends in the entire game.
 D = Other kills in this place as a percentage of other kills in the entire game.
 E = Experience gained in this place as a percentage of experience gained in the entire game.
 F = Experience gained in this place divided by the number of levels of this place that you have seen.
                   A       B       C       D       E      F
               +-------+-------+-------+-------+-------+----------------------
         Total | 100.0 | 100.0 |   N/A |   N/A | 100.0 | 136.0
       Dungeon | 100.0 | 100.0 |   N/A |   N/A | 100.0 | 136.0
               +-------+-------+-------+-------+-------+----------------------

Table legend: (Time is in decaauts)
 A = Elapsed time spent in this place.
 B = Non-inter-level travel time spent in this place.
 C = Inter-level travel time spent in this place.
 D = Time resting spent in this place.
 E = Time spent auto-exploring this place.
 F = Levels seen in this place.
 G = Mean time per level.
                   A        B        C        D        E       F      G
               +--------+--------+--------+--------+--------+-----+--------+
         Total |   2685 |   2636 |     49 |    984 |   1176 |   4 |  671.2 |
       Dungeon |   2685 |   2636 |     49 |    984 |   1176 |   4 |  671.2 |
               +--------+--------+--------+--------+--------+-----+--------+

Top non-repeatable levels by time:
     D:3: 1349 daAuts
     D:2: 631 daAuts
     D:1: 549 daAuts
     D:4: 154 daAuts
